 Dungeon Crawl Stone Soup version 0.26.1-11-gd32895ea62 (webtiles) character file.

Game seed: 15487581267939423520

9 phalm the Conjurer (level 2, 13/20 HPs)
             Began as a Demonspawn Conjurer on June 20, 2021.
             Quit the game on level 1 of the Dungeon.
             The game lasted 00:00:39 (181 turns).

phalm the Conjurer (Demonspawn Conjurer)             Turns: 181, Time: 00:00:39

Health: 13/20      AC:  2    Str:  7    XL:     2   Next: 3%
Magic:  0/5        EV: 12    Int: 19    God:
Gold:   0          SH:  0    Dex: 11    Spells: 2/5 levels left

rFire    . . .     SeeInvis .   d - +0 dagger
rCold    . . .     Faith    .   (no shield)
rNeg     . . .     Spirit   .   a - +0 robe
rPois    .         Reflect  .   (no helmet)
rElec    .         Harm     .   (no cloak)
rCorr    .         Rampage  .   (no gloves)
Will     .....                  (no boots)
Stlth    ++........             (no amulet)
HPRegen  0.06/turn              (no ring)
MPRegen  0.09/turn              (no ring)

@: no status effects
A: spiny 1
a: no special abilities


You were on level 1 of the Dungeon.
You visited 1 branch of the dungeon, and saw 1 of its levels.


Innate Abilities, Weirdness & Mutations

You are partially covered in sharp spines.


   Skills:
 + Level 0.5 Fighting
 - Level 1.7 Dodging
 - Level 1.7 Stealth
 + Level 2.1 Spellcasting
 * Level 4.2 Conjurations


You had 2 spell levels left.
You knew the following spells:

 Your Spells              Type           Power        Failure   Level
m - Magic Dart            Conj           72%          3%          1
s - Searing Ray           Conj           36%          4%          2

Your spell library contained the following spells:

 Spells                   Type           Power        Failure   Level
 Dazzling Flash           Conj/Hex       20%          21%         3
 Fulminant Prism          Conj/Hex       5%           56%         4
 Iskenderun's Mystic Bla  Conj/Tloc      10%          56%         4

Inventory:

Hand Weapons
 d - a +0 dagger (weapon)
   (You took it off a kobold on level 1 of the Dungeon)
Missiles
 c - 5 stones
Armour
 a - a +0 robe (worn)
Scrolls
 b - a scroll of magic mapping {unknown}
 e - a scroll of remove curse {unknown}

Dungeon Overview and Level Annotations

Branches:
Dungeon (1/15)

Altars:

##.........## ...#
##...## #.#.###.#.#.##
#.##.#.##.##.##
#.###.###.###.##
##.##.#.##.####.##
.....###.........+
##.### ###.####..# ##.#
#.###.#@# #.## ##.#.##†#
.## ##.###.# #.##
##.#.##)# ##.# #.###.#.#
### ##.###
###.####..##.h...
..<..###.........'......
##.##.#.##.####.##......
##.###.###.###.## ......


There were no monsters in sight!


Message History

The magic dart hits the jackal. 😎 MP[-1]
You lost 1 mp, and now have 0/3 mp.
A jackal is nearby! 😎 MP[+1]
Casting: Magic Dart (safe; 3% risk of failure)
Confirm with . or Enter, or press ? or * to list all spells.
Aiming: Magic Dart (safe; 3% risk of failure)
Press: ? - help, Shift-Dir - straight line, f/p - jackal
Aim: a jackal (heavily wounded, 0% to evade)
The magic dart hits the jackal but does no damage.
The jackal bites you but does no damage. 😎 MP[-1]
You lost 1 mp, and now have 0/3 mp.
You closely miss the jackal. The jackal misses you.
The jackal bites you. 😕 HP[-2]
You take 2 damage, and now have 12/14 hp.
You barely miss the jackal.
A jackal comes into view.
The jackal closely misses you. 😕 HP[+1]
The jackal barks!
You hit the jackal but do no damage.
You hear a bark!
The jackal closely misses you.
You closely miss the jackal. The jackal barely misses you.
The jackal misses you.
You hit the jackal but do no damage.
A jackal comes into view.
The jackal misses you.
The jackal moves out of view.
You hit the jackal. The jackal closely misses you.
The jackal bites you. 😕 HP[-1]
You take 1 damage, and now have 12/14 hp.
You hit the jackal. The jackal misses you. The jackal closely misses you.
Things that are here:
a +0 club; a goblin corpse The jackal barely misses you. 😕 MP[+1]
You closely miss the jackal. The jackal barely misses you.
You barely miss the jackal. You closely miss the jackal.
The jackal closely misses you.
You hit the jackal. The jackal barely misses you.
The jackal closely misses you.
You hit the jackal but do no damage. The jackal misses you.
You closely miss the jackal. The jackal misses you.
You hit the jackal. The jackal barely misses you. x2
You closely miss the jackal.
The jackal bites you but does no damage.
You hit the jackal but do no damage.
The jackal bites you but does no damage. x2
You hit the jackal.
You kill the jackal!
Casting: Magic Dart (safe; 3% risk of failure)
Confirm with . or Enter, or press ? or * to list all spells.
Aiming: Magic Dart (safe; 3% risk of failure)
Press: ? - help, Shift-Dir - straight line, f/p - jackal
Aim: a jackal (severely wounded, 0% to evade)
The magic dart hits the jackal.
The jackal bites you. 😕 HP[-1] MP[-1]
You take 1 damage, and now have 11/14 hp.
You lost 1 mp, and now have 0/3 mp.
You closely miss the jackal. The jackal barely misses you.
The jackal bites you but does no damage. 😕 MP[+1]
Casting: Magic Dart (safe; 3% risk of failure)
Confirm with . or Enter, or press ? or * to list all spells.
Aiming: Magic Dart (safe; 3% risk of failure)
Press: ? - help, Shift-Dir - straight line, f/p - jackal
Aim: a jackal (severely wounded, 0% to evade)
The magic dart hits the jackal.
The jackal closely misses you. 😕 MP[-1]
You lost 1 mp, and now have 0/3 mp.
You hit the jackal.
The jackal bites you but does no damage.
The jackal bites you. 😮 HP[-2]
You take 2 damage, and now have 9/14 hp.
You hit the jackal.
You kill the jackal!
The jackal bites you. 😮 HP[-1]
You take 1 damage, and now have 8/14 hp.
You hit the jackal. The jackal barely misses you. 😮 HP[+1]
You hit the jackal but do no damage. The jackal barely misses you.
You hit the jackal but do no damage. The jackal barely misses you.
The jackal closely misses you.
You hit the jackal.
You kill the jackal!
You have reached level 2!
Your demonic ancestry asserts itself...
Sharp spines emerge from parts of your body. 😮 HP[+4]
You now have 20 max hp (+6).
You regained 4 hp, and now have 13/20 hp.
Memorise Searing Ray, consuming 2 spell levels and leaving 2?
You start memorising the spell.
You continue memorising. x2
You finish memorising.
Spell assigned to 's'.
Are you sure you want to abandon this character and quit the game? (Confirm with "yes".)

Action                   || total
-------------------------++-------
Melee: Dagger            ||    27
 Cast: Magic Dart        ||    10
Armor: Robe              ||     6
Dodge: Dodged            ||    25

Levels and vault maps discovered:
D:1:      roderic_octagonal_star, layout_basic

Notes
Turn   | Place    | Note
-------+----------+-------------------------------------------
     0 | D:1      | phalm the Demonspawn Conjurer began the quest for the Orb.
     0 | D:1      | Reached XP level 1. HP: 13/13 MP: 3/3
     0 | D:1      | magus.rc [v1.9.10]
   178 | D:1      | Gained mutation: You are partially covered in sharp spines.
                  | [demonic ancestry]
   178 | D:1      | Reached XP level 2. HP: 13/20 MP: 0/5
   181 | D:1      | Learned a level 2 spell: Searing Ray
   181 | D:1      | Quit the game

Vanquished Creatures
  A goblin (D:1)
  4 jackals (D:1)
  2 kobolds (D:1)
7 creatures vanquished.

Table legend:
 A = Non-vault XP
 B = Vault XP
 C = Vault XP percentage of total XP
 D = Non-vault monster count
 E = Vault monster count
 F = Vault count percentage of total count
                 A         B        C        D         E       F
            +---------+---------+-------+---------+---------+-------
      Total |      13 |       0 |   0.0 |       7 |       0 |   0.0
            +---------+---------+-------+---------+---------+-------
        D:1 |      13 |       0 |   0.0 |       7 |       0 |   0.0
            +---------+---------+-------+---------+---------+-------

Illustrated notes

Table legend:
 A = Kills in this place as a percentage of kills in entire the game.
 B = Kills by you in this place as a percentage of kills by you in the entire game.
 C = Kills by friends in this place as a percentage of kills by friends in the entire game.
 D = Other kills in this place as a percentage of other kills in the entire game.
 E = Experience gained in this place as a percentage of experience gained in the entire game.
 F = Experience gained in this place divided by the number of levels of this place that you have seen.
                   A       B       C       D       E      F
               +-------+-------+-------+-------+-------+----------------------
         Total | 100.0 | 100.0 |   N/A |   N/A | 100.0 |  13.0
       Dungeon | 100.0 | 100.0 |   N/A |   N/A | 100.0 |  13.0
               +-------+-------+-------+-------+-------+----------------------

Table legend: (Time is in decaauts)
 A = Elapsed time spent in this place.
 B = Non-inter-level travel time spent in this place.
 C = Inter-level travel time spent in this place.
 D = Time resting spent in this place.
 E = Time spent auto-exploring this place.
 F = Levels seen in this place.
 G = Mean time per level.
                   A        B        C        D        E       F      G
               +--------+--------+--------+--------+--------+-----+--------+
         Total |    180 |    180 |      0 |      0 |    121 |   1 |  180.0 |
       Dungeon |    180 |    180 |      0 |      0 |    121 |   1 |  180.0 |
               +--------+--------+--------+--------+--------+-----+--------+

Top non-repeatable levels by time:
     D:1: 180 daAuts
